 Dungeon Crawl Stone Soup version 0.21-a0-444-g29a2fec (webtiles) character file.

196 slep the Slasher (level 5, 0/42 HPs)
             Began as a Demonspawn Monk on Nov 18, 2017.
             Slain by Ijyb
             ... wielding a +9 club
              (7 damage)
             ... on level 4 of the Dungeon.
             The game lasted 00:08:20 (1797 turns).

slep the Slasher (Demonspawn Monk)                  Turns: 1797, Time: 00:08:21

Health: 0/42       AC:  6    Str: 11    XL:     5   Next: 46%
Magic:  5/5        EV: 12    Int: 12    God:
Gold:   125        SH:  0    Dex: 16    Spells: 4/4 levels left

rFire    . . .     SeeInvis .   q - +0 long sword
rCold    . . .     Gourm    .   (no shield)
rNeg     . . .     Faith    .   r - +0 ring mail
rPois    .         Spirit   .   (no helmet)
rElec    .         Reflect  .   (no cloak)
rCorr    .         Harm     .   e - +0 pair of gloves
MR       .....                  (no boots)
Stlth    +++.......             (no amulet)
HPRegen  0.14/turn              (no ring)
MPRegen  0.09/turn              (no ring)

@: no status effects
A: hooves 1, nightstalker 2
a: no special abilities


You were on level 4 of the Dungeon.
You were not hungry.

You visited 1 branch of the dungeon, and saw 4 of its levels.

You collected 125 gold pieces.

Inventory:

Hand Weapons
 a - a +0 falchion
 q - a +0 long sword (weapon)
Missiles
 l - 2 javelins (quivered)
Armour
 b - a +0 robe
 e - a +0 pair of gloves (worn)
 p - a +0 leather armour
 r - a +0 ring mail (worn)
Scrolls
 d - a scroll of remove curse {unknown}
 h - a scroll of magic mapping {unknown}
 m - a scroll of recharging {unknown}
 n - a scroll of fog {unknown}
 s - 4 scrolls of identify {unknown}
 x - a scroll of enchant armour {unknown}
Potions
 g - a potion of lignification
 i - a potion of cancellation {unknown}
 j - a potion of ambrosia {unknown}
 k - a potion of heal wounds
 t - a potion of haste {unknown}
 u - a potion of curing {unknown}
 w - a potion of might {unknown}
Comestibles
 c - 2 bread rations
 f - a royal jelly
 o - 3 fruits
 v - 3 chunks of flesh


   Skills:
 + Level 3.7 Fighting
 + Level 4.0 Long Blades
 + Level 1.2 Armour
 + Level 3.6 Dodging
 + Level 2.3 Stealth


You had 4 spell levels left.
You didn't know any spells.

Dungeon Overview and Level Annotations

Branches:
Dungeon (4/15)
 Temple: D:4-7

Altars:
Ashenzari
Uskayaw

Annotations:
D:3 Sigmund
D:4 Ijyb


Innate Abilities, Weirdness & Mutations

You have large cloven feet.
You are significantly more attuned to the shadows.


Message History

* * * LOW HITPOINT WARNING * * *
You hit Ijyb. You kick Ijyb.
Ijyb is almost dead.
Ijyb hits you with an enchanted club.
* * * LOW HITPOINT WARNING * * *
You barely miss Ijyb.
Ijyb is almost dead.
Ijyb zaps a wand.
The puff of flame misses you.
You hit Ijyb but do no damage. Your kick misses Ijyb.
Ijyb is almost dead.
Ijyb misses you.
You hit Ijyb. You kick Ijyb, but do no damage.
Ijyb is almost dead.
Ijyb barely misses you.
You riposte.
You barely miss Ijyb. Your kick misses Ijyb.
Ijyb is almost dead.
You barely miss Ijyb.
Ijyb is almost dead.
Ijyb hits you with an enchanted club!
You die...

>.# ... #.# #.#
##...## #g####
##.....# #@##.##
##.......
#.#...####........
#........+........
#.........#........
#.###.###.##.......
#. #.#.##.###.....#
#.#.# #.#.# ##...##
#..# ##..# ##'## #.
##.#.# #.#


You could see Ijyb.

Vanquished Creatures
  A quasit (D:2)
  An orc priest (D:4)
  A worker ant (D:4)
  2 gnolls (D:4)
  2 adders
  3 worms (D:2)
  3 dart slugs
  2 leopard geckos
  4 orcs (D:4)
  3 bats
  6 goblins
  7 hobgoblins
  2 jackals (D:2)
  3 quokkas
  A ball python (D:3)
  4 frilled lizards
  7 kobolds
  7 rats
59 creatures vanquished.

Notes
Turn   | Place    | Note
-------+----------+-------------------------------------------
     0 | D:1      | slep the Demonspawn Monk began the quest for the Orb.
     0 | D:1      | Reached XP level 1. HP: 18/18 MP: 1/1
   129 | D:1      | Gained mutation: You have large cloven feet. [demonic ancestry]
   129 | D:1      | Reached XP level 2. HP: 16/24 MP: 2/2
   188 | D:1      | Reached skill level 3 in Long Blades
   454 | D:1      | You fall through a shaft!
   471 | D:2      | Gained mutation: You are slightly more attuned to the shadows. [demonic ancestry]
   471 | D:2      | Reached XP level 3. HP: 19/29 MP: 3/3
   566 | D:2      | Found a hide-covered altar of Uskayaw.
   601 | D:2      | Found a shattered altar of Ashenzari.
  1156 | D:2      | Reached XP level 4. HP: 27/35 MP: 4/4
  1333 | D:3      | Reached skill level 1 in Armour
  1365 | D:3      | Noticed Sigmund
  1400 | D:4      | HP: 1/37 [gnoll/spear (4)]
  1415 | D:4      | Gained mutation: You are significantly more attuned to the shadows. [demonic ancestry]
  1415 | D:4      | Reached XP level 5. HP: 25/42 MP: 5/5
  1428 | D:4      | Reached skill level 4 in Long Blades
  1653 | D:4      | Noticed Ijyb
  1797 | D:4      | Slain by Ijyb

Vault maps used:
D:1:      lightli_arrival_boilingwater
D:2:      eat_drink_and_be_merry_uskayaw, nicolae_ashenzari_panopticon
D:3:      minmay_misc_feat_columns, trog_book, uniq_sigmund
D:4:      uniq_ijyb

Skill      XL: |  1  2  3  4  5 |
---------------+----------------+-----
Long Blades    | 3 4 |  4.0
Dodging        | 3 |  3.6
Stealth        | 2 |  2.3
Armour         | 1 |  1.2
Fighting       | |  3.7

Action                   |  1- 3 |  4- 6 || total
-------------------------+-------+-------++-------
Melee: Falchion          |    72 |       ||    72
       Kick              |    36 |    11 ||    47
       Long sword        |    45 |    61 ||   106
Throw: Javelin           |       |     1 ||     1
  Use: Potion            |       |     2 ||     2
 Stab: Sleeping          |     2 |     3 ||     5
  Eat: Chunk             |     1 |     2 ||     3
Armor: Robe              |    12 |       ||    12
       Ring mail         |    30 |    10 ||    40
       Skin              |       |    13 ||    13
Dodge: Dodged            |    85 |    26 ||   111
       Rpst.: Falchion   |    17 |       ||    17
       Long sword        |     6 |     8 ||    14

Table legend:
 A = Spawn XP
 B = Non-spawn XP
 C = Spawn XP percentage of total XP
 D = Spawn monster count
 E = Non-spawn monster count
 F = Spawn count percentage of total count
 G = Total turns spent on level
                    A         B        C        D         E        F      G
               +---------+---------+-------+---------+---------+-------+---------
         Total |       0 |     281 |   0.0 |       0 |      59 |   0.0 |  1797
               +---------+---------+-------+---------+---------+-------+---------
           D:1 |       0 |      31 |   0.0 |       0 |      18 |   0.0 |   454
           D:2 |       0 |     114 |   0.0 |       0 |      28 |   0.0 |   834
           D:3 |       0 |      18 |   0.0 |       0 |       4 |   0.0 |    79
           D:4 |       0 |     118 |   0.0 |       0 |       9 |   0.0 |   430
               +---------+---------+-------+---------+---------+-------+---------
